 Dungeon Crawl Stone Soup version 0.30.1-4-g462c640d31 (webtiles) character file.

Game seed: 3109207770061648018

346 Diggabert the Cudgeller (level 6, -5/48 HPs)
             Began as a Human Monk on Aug 13, 2023.
             Blown up by Ijyb (18 damage)
             ... with a mindburst bolt
             ... on level 2 of the Dungeon.
             The game lasted 00:06:31 (2669 turns).

Diggabert the Cudgeller (Human Monk)                Turns: 2669, Time: 00:06:31

Health: -5/48      AC: 22    Str: 14    XL:     6   Next: 90%
Magic:  6/6        EV:  5    Int: 10    God:
Gold:   142        SH:  0    Dex: 15    Spells: 5/5 levels left

rFire   . . .        a - +2 hammer (protect)
rCold   . . .        d - orb {light}
rNeg    . . .        y - +0 plate armour
rPois   +            (no helmet)
rElec   .            h - +2 cloak
rCorr   .            o - +0 pair of gloves
SInv    .            (no boots)
Will    .....        (no amulet) Stlth
                     e - ring of flight
HPRegen 0.28/turn    s - ring of poison resistance
MPRegen 0.10/turn

%: no passive effects
@: confused, ambrosia-drunk, under a protective aura, flying, glowing
A: no striking features
a: no special abilities


You were on level 2 of the Dungeon.
You visited 1 branch of the dungeon, and saw 3 of its levels.

You collected 142 gold pieces.

Inventory:

Hand Weapons
 a - a +2 hammer of protection (weapon)
 k - a +0 sling
 p - a +4 hammer
 r - the +0 hammer of the Lonely Teeth {antimagic, rPois rN+ rCorr}
   (You found it on level 2 of the Dungeon)

   rPois:     It protects you from poison.
   rN:        It protects you from negative energy.
   rCorr:     It protects you from acid and corrosion.
 u - a +1 mace of holy wrath
 z - a +0 flail
Armour
 d - an orb of light (worn)
 h - a +2 cloak (worn)
 o - a +0 pair of gloves (worn)
 q - a +0 cloak of willpower
 y - a +0 plate armour (worn)
Jewellery
 e - a ring of flight (left hand)
 s - a ring of poison resistance (right hand)
Wands
 n - a wand of digging (2)
Scrolls
 b - 2 scrolls of enchant armour {unknown}
 i - 2 scrolls of immolation {unknown}
 j - 2 scrolls of fear {unknown}
 m - a scroll of teleportation {unknown}
 t - 2 scrolls of blinking {unknown}
 v - a scroll of vulnerability {unknown}
 x - a scroll of identify
Potions
 f - 2 potions of flight
 g - a potion of curing
 l - 2 potions of brilliance
 w - a potion of attraction


   Skills:
 * Level 4.0 Fighting
 * Level 5.2 Maces & Flails
 * Level 2.7 Armour
 * Level 4.0 Dodging


You had 5 spell levels left.
You didn't know any spells.
Your spell library contained the following spells:

 Spells                   Type           Power      Damage    Failure   Level
 Foxfire                  Conj/Fire      0%         2x1d4     100%        1
 Portal Projectile        Hex/Tloc       0%         N/A       100%        3
 Tukima's Dance           Hex            0%         N/A       100%        3
 Blade Hands              Tmut           0%         N/A       100%        5
 Fireball                 Conj/Fire      0%         3d3       100%        5
 Plasma Beam              Fire/Air       0%         2x1d11    100%        6
 Starburst                Conj/Fire      0%         6d3       100%        6


Dungeon Overview and Level Annotations

Branches:
Dungeon (3/15)

Altars:

Shops:
D:1 (

Annotations:
D:2 Ijyb
D:3 Robin


Message History

There is a stone staircase leading down here.
Unknown command.
You hit the adder.
Your weapon exudes an aura of protection.
The adder is severely wounded.
The adder bites you but does no damage.
The hobgoblin hits you but does no damage.
Ijyb screams, "Level is mine!
All mine!"
Ijyb zaps a wand.
Your mind is blasted!
You hit the adder.
The adder is severely wounded.
The adder barely misses you.
The hobgoblin hits you but does no damage.
Ijyb hits you with a +0 dagger. The adder barely misses you.
Unknown command.
You hit the adder.
The adder is almost dead.
The hobgoblin barely misses you.
Ijyb zaps a wand.
Your mind is blasted!
* * * LOW HITPOINT WARNING * * *
The adder bites you but does no damage.
Unknown command.
Unknown command.
You hit the adder.
You kill the adder!
The hobgoblin hits you but does no damage.
Ijyb hits you with a +0 dagger.
* * * LOW HITPOINT WARNING * * *
Unknown command.
Unknown command.
You are confused.
You feel invigorated. The hobgoblin completely misses you.
Ijyb hits you but does no damage.
You bump into the rock wall.
The hobgoblin hits you but does no damage.
Ijyb hits you with a +0 dagger.
* * * LOW HITPOINT WARNING * * *
Unknown command.
You bump into the rock wall.
The hobgoblin barely misses you.
Ijyb zaps a wand.
Your mind is blasted!
You die...

....######.# ##.########.# #
###.# #.#######.########.# #
#.# #.##............##.# #
#)# #.##.####.#####.##.#####
#.# #.##.# #.####..........
#.# #.##.# #......#...###.#
#.# #.##.#########...#.# #..
#.# #.....gg# ##.##.# ##. #.#
####.##@# #.##.# #. #.#
#รท##)#######.##.# ##
#.#########............##.# #
###..............##########.#
# #......########### ####...#
............# ##.##.###
.############# ##...#.#
..#..........# ##......#
..#..........######.......##


You could see Ijyb (strong) and a hobgoblin (strong).

Vanquished Creatures
  Sigmund (D:2)
  Crazy Yiuf (D:2)
  Jessica (D:3)
  4 adders (D:2)
  A worm (D:2)
  2 dart slugs (D:2)
  3 orcs (D:3)
  5 ball pythons
  7 bats
  12 endoplasms
  A giant cockroach (D:2)
  10 goblins
  7 hobgoblins
  16 jackals
  A quokka (D:2)
  4 frilled lizards
  4 kobolds
  9 rats
89 creatures vanquished.

Notes
Turn   | Place    | Note
-------+----------+-------------------------------------------
     0 | D:1      | Diggabert the Human Monk began the quest for the Orb.
     0 | D:1      | Reached XP level 1. HP: 18/18 MP: 1/1
   133 | D:1      | Reached XP level 2. HP: 24/24 MP: 2/2
   177 | D:1      | Found a faded altar of an unknown god.
   421 | D:1      | Found Supaenn's Antique Weapon Shoppe.
   431 | D:1      | Reached XP level 3. HP: 20/29 MP: 3/3
   840 | D:2      | Reached XP level 4. HP: 32/35 MP: 4/4
   964 | D:2      | Reached skill level 1 in Armour
  1056 | D:2      | Found a runed translucent door.
  1059 | D:2      | Noticed Crazy Yiuf
  1085 | D:2      | Killed Crazy Yiuf
  1161 | D:2      | Identified the +0 hammer of the Lonely Teeth {antimagic,
                  | rPois rN+ rCorr}
  1219 | D:2      | Noticed Sigmund
  1239 | D:2      | Killed Sigmund
  1240 | D:2      | Reached skill level 4 in Maces & Flails
  1240 | D:2      | Reached XP level 5. HP: 23/42 MP: 5/5
  1240 | D:2      | Reached XP level 6. HP: 26/48 MP: 6/6
  1943 | D:2      | Reached skill level 5 in Maces & Flails
  2402 | D:3      | Noticed Jessica
  2422 | D:3      | Killed Jessica
  2508 | D:3      | Noticed Ijyb
  2509 | D:3      | Noticed Robin
  2669 | D:2      | Blown up by Ijyb

Illustrated notes

Levels and vault maps discovered:
D:1:      heliophobic_arrival_glass_houses, layout_basic, serial_shops,
          nicolae_shop_statue_plus, basic_ecumenical_altar
D:2:      minmay_chambers_of_twos, layout_loops_ring, hangedman_decor_lopped,
          uniq_sigmund, uniq_crazy_yiuf_cottage
D:3:      layout_rooms, nicolae_goblin_pals, uniq_jessica

Skill      XL: |  1  2  3  4  5  6 |
---------------+-------------------+-----
Armour         | 2 |  2.7
Maces & Flails | 4 5 |  5.2
Dodging        | 4 |  4.0
Fighting       | 4 |  4.0

Action                     |  1- 3 |  4- 6 || total
---------------------------+-------+-------++-------
  Melee: Mace              |    89 |   155 ||   244
    Use: Scroll            |     2 |     3 ||     5
         Potion            |       |     1 ||     1
 Armour: Robe              |     6 |       ||     6
         Leather armour    |    19 |    14 ||    33
         Plate armour      |       |   112 ||   112
         Ring mail         |       |    10 ||    10
  Dodge: Dodged            |    76 |    79 ||   155
